 Seeded DCSS version 0.30.1 (webtiles) character file.

Game seed: 6351066067085065685 (custom seed)

371126 Esekla the Archmage (level 21, -1/163 HPs)
             Began as a Deep Elf Necromancer on July 11, 2023.
             Was the Champion of Vehumet.
             Killed by a resonance strike
             ... invoked by a ragged hierophant
              (8 damage)
             ... in the Desolation of Salt on July 14, 2023.
             The game lasted 08:05:33 (49243 turns).

Esekla the Archmage (Deep Elf Necromancer)         Turns: 49243, Time: 08:05:33

Health: -1/163     AC: 39    Str:  5    XL:     21   Next: 69%
Magic:  54/54      EV: 21    Int: 40    God:    Vehumet [******]
Gold:   2296       SH:  5    Dex: 15    Spells: 4/74 levels left

rFire   . . .        a - +9 long sword (protect)
rCold   + . .        P - +0 buckler
rNeg    + . .        K - melded +4 troll leather armour
rPois   ∞            N - +2 helmet {Int+3}
rElec   +            c - +2 cloak {Stlth+}
rCorr   .            l - melded +0 pair of gloves
SInv    .            L - melded +1 pair of boots of Piysunuo {Str+3}
Will    ++...        z - amulet of magic regeneration
Stlth   +++          m - ring of Descent {rPois rC+ Int+5 Stlth-}
HPRegen 0.47/turn    T - ring of the Mage {Wiz Archmagi}
MPRegen 0.74/turn

%: wizardry (x1), archmagi
@: about to teleport, statue-form, wereblooded, very slow
A: slow and powerful, torment resistance 1, boosted hp
}: 2/15 runes: barnacled, gossamer
a: End Transformation, Renounce Religion


You were in the Desolation of Salt.
You worshipped Vehumet.
Vehumet was exalted by your worship.
You were a living statue of rough stone.
You visited 8 branches of the dungeon, and saw 38 of its levels.
You visited 1 bazaar.
You also visited: Trove, Bailey and Desolation.

You collected 7512 gold pieces.
You spent 5216 gold pieces at shops.

Inventory:

Hand Weapons
 a - a +9 long sword of protection (weapon)
 e - a +4 demon blade of electrocution
 f - a +5 scimitar of flaming
 r - a +4 trident of venom
 w - the +8 Vampire's Tooth {megavamp}
   (You bought it in a shop in a bazaar)
 x - a +6 vampiric double sword
Missiles
 g - 85 poisoned darts
 F - 6 curare-tipped darts
 J - 27 boomerangs (quivered)
Armour
 c - a +2 cloak of stealth (worn)
 l - a +0 pair of gloves (melded)
 K - a +4 troll leather armour (melded)
 L - the +1 pair of boots of Piysunuo (melded) {Str+3}
   (You found it on level 1 of the Spider Nest)

   Str:       It affects your strength (+3).
 N - a +2 helmet of intelligence (worn)
 P - a +0 buckler (worn)
Magical Staves
 d - a staff of death
Jewellery
 i - the ring of Akemeir {Fire Str+4}
   (You found it in a treasure trove)

   [ring of fire]

   It enhances your fire magic.
   Str:       It affects your strength (+4).
   rF:        It protects you from fire.
   rC:        It makes you vulnerable to cold.
 m - the ring of Descent (left fist) {rPois rC+ Int+5 Stlth-}
   (You found it in a treasure trove)

   [ring of protection from cold]

   Int:       It affects your intelligence (+5).
   rC:        It protects you from cold.
   rPois:     It protects you from poison.
   Stlth:     It makes you less stealthy.
 z - an amulet of magic regeneration (around neck)
 T - the ring of the Mage (right fist) {Wiz Archmagi}
   (You bought it in a shop on level 2 of the Dungeon)

   [ring of wizardry]

   It improves your spell success rate.
   Archmagi:  It increases the power of your magical spells.
 V - the ring "Pileq" {Ice Str+4 Dex+3 Slay+2}
   (You found it on level 4 of the Shoals)

   [ring of ice]

   It enhances your ice magic.
   Str:       It affects your strength (+4).
   Dex:       It affects your dexterity (+3).
   Slay:      It affects your accuracy & damage with ranged weapons and melee
   (+2).
   rF:        It makes you vulnerable to fire.
   rC:        It protects you from cold.
Wands
 o - a wand of roots (42)
 E - a wand of flame (62)
 H - a wand of mindburst (8)
 R - a wand of digging (22)
 Z - a wand of quicksilver (35)
Scrolls
 p - 4 scrolls of blinking
 t - 6 scrolls of fog
 C - 3 scrolls of silence
 G - 5 scrolls of poison
 I - 7 scrolls of teleportation
 Q - 5 scrolls of fear
Potions
 b - 5 potions of magic
 h - 5 potions of ambrosia
 j - 7 potions of flight
 k - 11 potions of curing
 n - 4 potions of cancellation
 q - 7 potions of brilliance
 u - 8 potions of haste
 A - 8 potions of lignification
 D - a potion of invisibility
 O - 3 potions of might
 U - 3 potions of berserk rage
 X - 12 potions of attraction
 Y - 2 potions of resistance
Miscellaneous
 v - a lightning rod (4/4)


   Skills:
 - Level 11.7 Fighting
 + Level 5.6(7.2) Short Blades
 - Level 6.3(7.1) Long Blades
 + Level 2.2 Throwing
 - Level 5.7 Armour
 + Level 18.2 Dodging
 + Level 6.7 Stealth
 - Level 3.1 Shields
 O Level 27 Spellcasting
 - Level 12.3 Conjurations
 - Level 14.0 Necromancy
 + Level 5.3 Translocations
 - Level 8.0 Transmutations
 - Level 8.3 Fire Magic
 + Level 9.0 Ice Magic
 + Level 11.5 Air Magic
 * Level 9.5 Earth Magic
 - Level 10.9 Poison Magic
 + Level 1.0 Evocations


You had 4 spell levels left.
You knew the following spells:

 Your Spells              Type           Power      Damage    Failure   Level
a - Statue Form           Tmut/Erth      74%        N/A       1%          6
b - Fireball              Conj/Fire      58%        3d22      1%          5
c - Mephitic Cloud        Conj/Pois/Air  100%       N/A       0%          3
d - Vampiric Draining     Necr           100%       2d13      0%          3
g - Ozocubu's Refrigerat  Ice            56%        4d19      1%          7
h - Vhi's Electric Charg  Tloc/Air       100%       N/A       1%          3
m - Maxwell's Capacitive  Air            60%        ∞         3%          8
n - Ignite Poison         Fire/Tmut/Pois 100%       N/A       1%          3
o - Orb of Destruction    Conj           62%        9d15      1%          7
p - Apportation           Tloc           100%       N/A       1%          1
t - Teleport Other        Tloc           98%        N/A       1%          3
u - Dispel Undead         Necr           100%       3d31      0%          4
v - Poisonous Vapours     Pois/Air       100%       N/A       0%          2
w - Wereblood             Tmut           100%       N/A       1%          2
x - Olgreb's Toxic Radia  Pois           100%       N/A       1%          4
y - Sticky Flame          Conj/Fire      100%       2d11      1%          4
z - Freezing Cloud        Conj/Ice/Air   59%        6-21      1%          5

Your spell library contained the following spells:

 Spells                   Type           Power      Damage    Failure   Level
 Shatter                  Erth           57%        3d43*     65%         9
 Polar Vortex             Ice            56%        N/A       71%         9
 Foxfire                  Conj/Fire      100%       2x1d9     0%          1
 Freeze                   Ice            100%       1d10      0%          1
 Kiss of Death            Conj/Necr      100%       2d13      0%          1
 Magic Dart               Conj           100%       1d8       0%          1
 Necrotise                Necr           100%       1d9       0%          1
 Sandblast                Erth           100%       2d20      0%          1
 Shock                    Conj/Air       100%       1d9       0%          1
 Cigotuvi's Dreadful Rot  Necr/Pois/Air  100%       N/A       0%          2
 Passwall                 Tmut/Erth      93%        N/A       0%          2
 Sublimation of Blood     Necr           100%       N/A       0%          2
 Hailstorm                Conj/Ice       100%       3d20      0%          3
 Stone Arrow              Conj/Erth      100%       3d13      0%          3
 Swiftness                Air            100%       N/A       0%          3
 Animate Dead             Necr           100%       N/A       0%          4
 Summon Small Mammal      Summ           100%       N/A       1%          1
 Call Imp                 Summ           100%       N/A       1%          2
 Lesser Beckoning         Tloc           100%       N/A       1%          2
 Confusing Touch          Hex            69%        N/A       1%          3
 Frozen Ramparts          Ice            100%       1d16      1%          3
 Gell's Gravitas          Tloc           98%        N/A       1%          3
 Inner Flame              Hex/Fire       92%        N/A       1%          3
 Ozocubu's Armour         Ice            100%       N/A       1%          3
 Portal Projectile        Hex/Tloc       100%       N/A       1%          3
 Spider Form              Tmut/Pois      100%       N/A       1%          3
 Tukima's Dance           Hex            69%        N/A       1%          3
 Airstrike                Air            60%        2d(9-25)  1%          4
 Anguish                  Hex/Necr       52%        N/A       1%          4
 Animate Armour           Summ/Erth      100%       N/A       1%          4
 Flame Wave               Conj/Fire      100%       2d21      1%          4
 Ice Form                 Ice/Tmut       100%       N/A       1%          4
 Manifold Assault         Tloc           98%        N/A       1%          4
 Passage of Golubria      Tloc           98%        N/A       1%          4
 Petrify                  Tmut/Erth      100%       N/A       1%          4
 Summon Ice Beast         Ice/Summ       94%        N/A       1%          4
 Summon Lightning Spire   Summ/Air       100%       N/A       1%          4
 Cause Fear               Hex            34%        N/A       2%          4
 Agony                    Necr           100%       N/A       1%          5
 Arcjolt                  Conj/Air       61%        1d71      1%          5
 Lee's Rapid Deconstruct  Erth           57%        3d26*     1%          5
 Metabolic Englaciation   Hex/Ice        47%        N/A       1%          5
 Silence                  Hex/Air        50%        N/A       1%          5
 Yara's Violent Unravell  Hex/Tmut       46%        3d18      1%          5
 Conjure Ball Lightning   Conj/Air       61%        3x3d22    1%          6
 Death Channel            Necr           64%        N/A       1%          6
 Plasma Beam              Fire/Air       58%        2x1d80    1%          6
 Starburst                Conj/Fire      58%        6d16      1%          6
 Dispersal                Tloc           49%        N/A       4%          6
 Spellforged Servitor     Conj/Summ      50%        N/A       4%          7
 Lehudib's Crystal Spear  Conj/Erth      59%        10d14     4%          8
 Summon Mana Viper        Hex/Summ       69%        N/A       6%          5
 Dragon Form              Tmut           54%        N/A       7%          7
 Ignition                 Fire           55%        3d15      13%         8
 Chain Lightning          Conj/Air       61%        3d81      36%         9
 Disjunction              Tloc           49%        N/A       82%         8
 Enfeeble                 Hex            34%        N/A       85%         7
 Summon Hydra             Summ           34%        N/A       85%         7
 Discord                  Hex            34%        N/A       100%        8
 Dragon's Call            Summ           34%        N/A       100%        9


Dungeon Overview and Level Annotations

Branches:
Dungeon (14/15)            Temple (0/1) D:6            Lair (5/5) D:11
 Shoals (4/4) Lair:2       Spider (4/4) Lair:3        Slime (0/5) Lair:5
    Orc (2/2) D:10            Elf (2/3) Orc:2        Vaults (4/5) D:13
  Crypt (3/3) Vaults:2       Tomb (0/3) Crypt:3      Bailey (visited)
Desolation (1/1)

Altars:
Dithmenos
Fedhas
Hepliaklqana
Nemelex Xobeh
Okawaru
Qazlal
Ru
Trog
Uskayaw
Vehumet
Zin
The Shining One
Jiyva

Shops:
D:2 =   D:4 (   D:11 *   Orc:2 **[:   Elf:2 ?:?   Shoals:2 (   Shoals:3 !
Vaults:1 [   Vaults:4 ?

Portals:
Pandemonium: Orc:2

Annotations:
Crypt:2 3 runed translucent doors, Fainec's ghost, veteran GrEE; Nyubb's ghost, veteran MiGl; croobank's ghost, adept FeSu


Message History

You resist.
The ragged hierophant casts a spell at you.
A blast of power from the earth and the saltlings strikes you!
* * * LOW HITPOINT WARNING * * *
The ragged hierophant gestures at you while chanting.
A blast of power from the earth and the saltlings strikes you!
The saltling closely misses you. The saltling misses you.
You bump into the stone wall.
The saltling no longer looks unusually strong.
The peacekeeper roars a battlecry!
The saltling goes into a battle-frenzy!
The saltling hits you but does no damage. x2
The guardian serpent coils itself and waves its upper body at you.
The bolt of poison hits the saltling.
The saltling completely resists.
The bolt of poison hits you but does no damage.
You resist.
You bump into the stone wall.
You feel less invigorated.
You feel less confused.
The saltling no longer looks unusually strong.
The saltling closely misses you. The saltling misses you. x2
The saltling hits you!
* * * LOW HITPOINT WARNING * * *
The ironbound convoker casts a spell at the saltling.
The saltling seems to grow stronger.
The ragged hierophant mumbles some strange words.
The ragged hierophant begins to accept its allies' injuries.
As you read the scroll of teleportation, it crumbles to dust.
You feel strangely unstable.
The saltling no longer looks unusually strong.
The peacekeeper roars a battlecry!
The saltling goes into a battle-frenzy!
The saltling hits you!
* * * LOW HITPOINT WARNING * * *
The saltling hits you but does no damage.
The ragged hierophant gestures at you while chanting.
A blast of power from the earth and the saltlings strikes you!
* * * LOW HITPOINT WARNING * * *
The ragged hierophant casts a spell at you.
A blast of power from the earth and the saltlings strikes you!
You die...

#............ .
............. ...
.............
########........9
...........S.
#89999a).#.....a..
.............
##9999a..#........
.....99......
##Spa..).........
....999......
#99..#.....#....
.∩.99.99.....
#.a..#...a......
....999......
.....##.........
.....9)......
).......#......#.
.............
#..#[..).#........
....9........
##.......


You could see 3 ragged hierophants, a servant of whispers (sheltered), an
ironbound convoker (sheltered), a peacekeeper (strong, sheltered), a guardian
serpent (strong, sheltered), a molten gargoyle (strong, sheltered) and 8
saltlings.

Vanquished Creatures
  A dread lich (Crypt:3)
  Mara (Spider:4)
  An ancient lich (Crypt:3)
  Mennas (Vaults:3)
  A curse toe (Crypt:3)
  A golden dragon (Vaults:4)
  A bone dragon (Crypt:3)
  Rupert (Lair:4)
  2 liches (Crypt:3)
  A quicksilver dragon (Vaults:4)
  6 ancient champions
  2 krakens
  5 sphinxes
  2 shadow dragons (Vaults:4)
  2 storm dragons (D:14)
  3 iron dragons (Vaults:4)
  9 emperor scorpions
  2 frost giants (Vaults:4)
  An imperial myrmidon (Desolation)
  2 ghouls
  3 curse skulls
  A deep elf sorcerer (Elf:1)
  4 ghost moths
  12 vault wardens
  3 orc warlords
  13 ironbound thunderhulks
  9 ironbound preservers
  11 very ugly things
  2 reapers
  A broodmother (Spider:3)
  4 war gargoyles (Vaults:2)
  7 vampire knights
  A deep elf demonologist (Elf:1)
  Azrael (Orc:2)
  7 dire elephants
  2 deep elf annihilators (Elf:1)
  A minotaur (Shoals:4)
  2 spark wasps
  A crystal guardian (Vaults:4)
  5 eidola
  5 entropy weavers
  3 merfolk javelineers (Shoals:3)
  4 merfolk impalers
  2 fire dragons (Lair:5)
  3 deep elf death magi
  An ettin (Vaults:4)
  7 great orbs of eyes
  3 deep elf high priests
  7 yaktaur captains
  3 ragged hierophants (Desolation)
  3 jiangshi (Crypt:3)
  2 servants of whispers (Desolation)
  11 vault guards
  3 peacekeepers
  Harold (D:9)
  9 boulder beetles
  15 ironbound frosthearts
  A demonspawn (Orc:2)
  4 merfolk aquamancers
  3 hydras
  2 death knights (Crypt:1)
  3 radroaches
  16 satyrs
  10 centaur warriors
  3 jorogumos
  2 catoblepae
  An alligator snapping turtle (Shoals:3)
  6 dancing weapons
  4 merfolk avatars
  4 two-headed ogres
  4 vampire magi
  A titan zombie (Crypt:2)
  A shock serpent (shapeshifter) (Vaults:4)
  A soul eater (Crypt:1)
  3 orc high priests (Orc:2)
  A skyshark (shapeshifter) (D:14)
  2 pharaoh ants
  A shadow wraith (Crypt:2)
  21 skeletal warriors
  A sun moth (Spider:1)
  Lodul (D:10)
  2 flayed ghosts
  12 sea snakes
  4 skysharks
  10 orb spiders
  2 glowing orange brains
  2 golden dragon skeletons
  4 bog bodies
  Pikel (D:6)
  An iron giant skeleton (Crypt:3)
  A swamp dragon (Lair:5)
  8 wizards
  26 deep trolls
  An anaconda skeleton (Crypt:2)
  19 ironbound convokers
  6 lindwurms
  18 deep elf pyromancers
  3 steelbarb worms
  A bunyip skeleton (Crypt:2)
  29 harpies
  8 phantasmal warriors
  A tengu zombie (Vaults:4)
  An oklob plant (Lair:5)
  5 deep elf archers
  10 necromancers
  A wolf spider zombie (Crypt:1)
  9 deep elf zephyrmancers
  23 ugly things
  8 wolf spiders
  A tengu skeleton (Vaults:4)
  11 orc knights
  19 cyclopes
  10 orc sorcerers
  3 moths of wrath
  25 manticores
  Joseph (D:7)
  A stone giant zombie (Vaults:4)
  24 fauns
  An eleionoma skeleton (Crypt:2)
  6 merfolk sirens
  2 black mambas
  A black mamba (shapeshifter) (D:13)
  2 human skeletons (Vaults:4)
  7 water nymphs
  7 torpor snails
  3 gargoyles
  2 guardian serpents (Desolation)
  A smoke demon (Orc:2)
  25 vault sentinels
  9 elephants (Lair:5)
  3 demonic crawlers
  11 cane toads
  A centaur skeleton (Crypt:2)
  A red draconian zombie (Crypt:3)
  Psyche (D:11)
  A grey draconian zombie (Crypt:3)
  3 rime drakes
  16 komodo dragons
  An unseen horror (D:13)
  6 freezing wraiths
  3 kobold demonologists
  A catoblepas zombie (Crypt:2)
  39 yaktaurs
  4 tengu conjurers
  4 guardian mummies (Crypt:3)
  An alligator snapping turtle skeleton (Crypt:2)
  An efreet (D:14)
  A red devil (Orc:2)
  A harpy zombie (Crypt:1)
  A meliai (D:14)
  A white draconian skeleton (Crypt:3)
  28 merfolk
  A polar bear (D:11)
  10 trolls
  A death drake zombie (Crypt:2)
  12 hornets
  2 saltlings (Elf:2)
  3 tyrant leeches (Lair:5)
  3 wind drakes
  5 blink frogs (Lair:1)
  2 harpy skeletons (Crypt:1)
  9 tarantellas
  11 jumping spiders
  27 slime creatures
  4 centaur simulacra (D:11)
  8 snapping turtles
  6 flying skulls
  33 yaks
  2 air elementals
  2 vampires
  7 culicivoras
  12 spriggans (Lair:3)
  11 wraiths
  5 basilisks
  8 water elementals
  A chaos spawn (Orc:2)
  4 fire elementals
  3 steam dragons
  5 wyverns
  2 vampire mosquitoes
  A human (shapeshifter) (Elf:1)
  29 redbacks
  A wind drake skeleton (Crypt:3)
  Menkaure (D:7)
  3 wargs
  3 acid dragons
  An entropy weaver zombie (Crypt:3)
  6 ice beasts
  14 water moccasins
  4 hell hounds (Orc:2)
  A naga skeleton (Crypt:3)
  2 swamp drakes (Lair:5)
  A sky beast (D:6)
  A meliai simulacrum (D:14)
  43 orc warriors
  A black bear (D:6)
  A merfolk simulacrum (Crypt:1)
  4 human zombies (Vaults:4)
  18 ogres
  An elephant zombie (Crypt:1)
  9 centaurs
  3 boggarts (Lair:3)
  12 wolves
  A lindwurm skeleton (Crypt:3)
  A phantom (D:7)
  Blork the orc (D:6)
  6 kobold brigands
  A draconian zombie (Crypt:2)
  4 gnoll sergeants
  4 earth elementals
  10 bullfrogs
  3 scorpions
  3 necrophages (Crypt:1)
  A wyvern skeleton (Crypt:3)
  10 wights
  A yak zombie (Crypt:2)
  21 killer bees
  A polar bear skeleton (Crypt:2)
  2 howler monkeys (D:10)
  An electric eel (D:11)
  2 quasits
  6 hounds
  A jelly (D:6)
  Crazy Yiuf (D:7)
  32 orc priests
  3 gnoll boudas
  A sleepcap (D:5)
  7 iguanas
  12 hell rats
  14 orc wizards
  An acid dragon zombie (Crypt:1)
  2 ogre skeletons
  34 gnolls
  9 adders
  3 shadow imps
  9 white imps
  4 ufetubi
  An iguana skeleton (Crypt:1)
  A worm (D:4)
  3 dart slugs
  95 orcs
  6 ball pythons
  2 bat zombies
  4 endoplasms
  9 goblins
  7 hobgoblins
  A quokka (D:1)
  3 training dummies (Shoals:2)
  4 bats
  4 frilled lizards
  A jackal zombie (Crypt:3)
  24 kobolds
  A rat (D:1)
  A butterfly (Lair:4)
1557 creatures vanquished.

Vanquished Creatures (collateral kills)
  A hornet (Lair:3)
1 creature vanquished.

Vanquished Creatures (others)
  Ilsuiw (Shoals:3)
  A hydra (D:14)
  A kobold demonologist (D:14)
  12 tentacles
15 creatures vanquished.

Grand Total: 1573 creatures vanquished

Notes
Turn   | Place    | Note
-------+----------+-------------------------------------------
     0 | D:1      | Esekla the Deep Elf Necromancer began the quest for the
                  | Orb.
     0 | D:1      | Reached XP level 1. HP: 10/10 MP: 6/6
    83 | D:1      | Reached skill level 5 in Necromancy
   308 | D:4      | Found an iron altar of Okawaru.
   487 | D:4      | Found a radiant altar of Vehumet.
   491 | D:4      | Became a worshipper of Vehumet
   540 | D:4      | Reached XP level 2. HP: 15/15 MP: 8/8
   700 | D:3      | Identified the +5 rapier of the Hero {heavy, rN+ Dex+3}
   794 | D:2      | Found Renulab's Jewellery Shop.
   971 | D:1      | Reached XP level 3. HP: 18/19 MP: 9/9
   976 | D:1      | Learned a level 3 spell: Vampiric Draining
  1207 | D:1      | Reached skill level 1 in Short Blades
  1267 | D:2      | Noticed a black bear
  1303 | D:2      | Reached XP level 4. HP: 23/24 MP: 1/11
  1416 | D:2      | Found a faded altar of an unknown god.
  1652 | D:2      | Reached * piety under Vehumet
  1652 | D:2      | Offered knowledge of Freeze by Vehumet.
  1679 | D:2      | Learned a level 1 spell: Freeze
  1683 | D:2      | Learned a level 3 spell: Teleport Other
  2015 | D:3      | Found a stormy altar of Qazlal.
  2017 | D:3      | Found a bloodstained altar of Trog.
  2019 | D:3      | Found a hazy altar of Hepliaklqana.
  2029 | D:3      | Reached skill level 4 in Spellcasting
  2031 | D:3      | Reached XP level 5. HP: 28/28 MP: 8/13
  2536 | D:4      | Found Ponaysk's Antique Weapon Boutique.
  2687 | D:4      | Found a glowing silver altar of Zin.
  2734 | D:4      | Reached skill level 1 in Translocations
  2817 | D:5      | Entered Level 5 of the Dungeon
  2827 | D:5      | Got the Parchment of the Lumpy Olives
  2844 | D:5      | Found a shadowy altar of Dithmenos.
  2931 | D:4      | Reached XP level 6. HP: 31/32 MP: 15/15
  2954 | D:4      | Found a glowing golden altar of the Shining One.
  3187 | D:5      | Reached skill level 5 in Spellcasting
  3415 | D:5      | Reached XP level 7. HP: 36/36 MP: 13/17
  3527 | D:6      | Reached skill level 6 in Spellcasting
  3583 | D:6      | Noticed Pikel
  3683 | D:6      | Noticed Blork the orc
  3928 | D:5      | Reached skill level 7 in Spellcasting
  4123 | D:6      | Found a staircase to the Ecumenical Temple.
  4134 | D:6      | Reached ** piety under Vehumet
  4191 | D:6      | Killed Pikel
  4191 | D:6      | Offered knowledge of Foxfire by Vehumet.
  4192 | D:6      | Reached skill level 5 in Dodging
  4192 | D:6      | Reached skill level 8 in Spellcasting
  4192 | D:6      | Reached XP level 8. HP: 6/41 MP: 6/22
  4584 | D:6      | Killed Blork the orc
  4787 | D:6      | Found a blossoming altar of Fedhas.
  4981 | D:7      | Noticed Menkaure
  5005 | D:7      | Reached skill level 9 in Spellcasting
  5082 | D:6      | Reached XP level 9. HP: 38/45 MP: 20/24
  5424 | D:7      | Noticed Joseph
  5451 | D:7      | Killed Joseph
  5472 | D:7      | Reached skill level 1 in Shields
  5570 | D:7      | Reached skill level 5 in Stealth
  5794 | D:7      | Reached skill level 10 in Spellcasting
  5892 | D:7      | Found a runed translucent door.
  5893 | D:7      | Noticed Crazy Yiuf
  5902 | D:7      | Killed Crazy Yiuf
  6054 | D:8      | Noticed a two-headed ogre
  6118 | D:8      | Offered knowledge of Hailstorm by Vehumet.
  6323 | D:7      | Reached *** piety under Vehumet
  6324 | D:7      | Reached skill level 1 in Long Blades
  6365 | D:8      | Found a hide-covered altar of Uskayaw.
  6746 | D:7      | Killed Menkaure
  6877 | D:8      | Found a transporter.
  6877 | D:8      | Found a transporter.
  6879 | D:8      | Found a transporter.
  6915 | D:8      | Offered knowledge of Sticky Flame by Vehumet.
  6934 | D:8      | Learned a level 4 spell: Sticky Flame
  6945 | D:8      | Found a transporter.
  7110 | D:8      | Reached skill level 10 in Necromancy
  7525 | D:8      | Killed a two-headed ogre
  7526 | D:8      | Reached skill level 1 in Throwing
  7526 | D:8      | Reached skill level 1 in Conjurations
  7526 | D:8      | Reached skill level 1 in Fire Magic
  7526 | D:8      | Reached XP level 10. HP: 50/50 MP: 26/26
  7920 | D:9      | Found a flagged portal.
  7958 | Bailey   | Entered a bailey
  7977 | Bailey   | Reached skill level 11 in Spellcasting
  8016 | Bailey   | Reached **** piety under Vehumet
  8223 | Bailey   | Offered knowledge of Flame Wave by Vehumet.
  8245 | Bailey   | Learned a level 4 spell: Flame Wave
  8299 | Bailey   | Identified the +2 bardiche of Puhoisos {heavy, rElec
                  | Stlth+}
  8302 | Bailey   | Noticed an orc knight
  8302 | Bailey   | Noticed an orc knight
  8337 | Bailey   | Killed an orc knight
  8487 | Bailey   | Killed an orc knight
  8568 | D:9      | Noticed a two-headed ogre
  8612 | D:9      | You fall into a shaft and drop 1 floor!
  8612 | D:10     | Entered Level 10 of the Dungeon
  8647 | D:10     | Reached skill level 12 in Spellcasting
  8653 | D:10     | Reached skill level 1 in Fighting
  8782 | D:9      | Found a sparkling altar of Nemelex Xobeh.
  8864 | D:9      | Killed a two-headed ogre
  9116 | D:9      | Reached XP level 11. HP: 57/57 MP: 29/29
  9131 | D:9      | Noticed Harold
  9145 | D:9      | Killed Harold
  9146 | D:9      | Reached skill level 13 in Spellcasting
  9636 | D:10     | Found a staircase to the Orcish Mines.
  9665 | D:10     | Reached ***** piety under Vehumet
  9691 | D:9      | Offered knowledge of Fireball by Vehumet.
  9698 | D:9      | Learned a level 5 spell: Fireball
  9805 | D:10     | Found a sacrificial altar of Ru.
 10557 | Orc:1    | Entered Level 1 of the Orcish Mines
 10640 | Orc:1    | Noticed an orc knight
 10707 | Orc:1    | Killed an orc knight
 11089 | D:2      | Bought the ring of the Mage {Wiz Archmagi} for 714 gold
                  | pieces
 11089 | D:2      | Found the ring of the Mage {Wiz Archmagi}
 11320 | D:11     | Reached skill level 14 in Spellcasting
 11534 | D:11     | Reached skill level 1 in Armour
 11838 | D:11     | Noticed Lodul
 11959 | D:10     | Killed Lodul
 12205 | D:11     | Reached XP level 12. HP: 67/67 MP: 32/32
 12282 | D:11     | Found Fagafuf's Pet Rocks.
 12580 | D:11     | Reached skill level 5 in Fighting
 12639 | D:11     | Found a staircase to the Lair.
 12761 | D:11     | Got Simple Magic
 12787 | D:11     | Reached skill level 15 in Spellcasting
 12837 | D:11     | Noticed Psyche
 13008 | D:12     | Learned a level 2 spell: Wereblood
 13189 | D:12     | Reached skill level 1 in Transmutations
 13398 | D:12     | Learned a level 2 spell: Poisonous Vapours
 13404 | D:12     | Learned a level 5 spell: Freezing Cloud
 13408 | D:12     | Learned a level 3 spell: Mephitic Cloud
 13436 | D:12     | Reached skill level 1 in Air Magic
 13436 | D:12     | Found a portal to a secret trove of treasure.
 13799 | Lair:1   | Entered Level 1 of the Lair of Beasts
 14441 | Lair:1   | Reached skill level 1 in Ice Magic
 14796 | Lair:2   | Reached skill level 1 in Poison Magic
 15102 | Lair:2   | Offered knowledge of Olgreb's Toxic Radiance by Vehumet.
 15108 | Lair:2   | Learned a level 4 spell: Olgreb's Toxic Radiance
 15180 | Lair:2   | Reached skill level 5 in Fire Magic
 15460 | Lair:2   | Found a transporter.
 15460 | Lair:2   | Found a transporter.
 15461 | Lair:2   | Noticed a boulder beetle
 15461 | Lair:2   | Noticed a boulder beetle
 15500 | Lair:2   | Found a staircase to the Shoals.
 15795 | Lair:2   | Killed a boulder beetle
 15796 | Lair:2   | Reached XP level 13. HP: 49/74 MP: 21/34
 15797 | Lair:2   | Reached skill level 10 in Dodging
 15879 | Lair:2   | Acquired a book of Touch
 15886 | Lair:2   | Learned a level 4 spell: Dispel Undead
 15886 | Lair:2   | Acquired 1048 gold pieces
 16078 | D:11     | Killed Psyche
 16372 | Orc:2    | Entered Level 2 of the Orcish Mines
 16705 | D:4      | Bought the +8 arc blade {discharge, rElec} for 1740 gold
                  | pieces
 16705 | D:4      | Found the +8 arc blade {discharge, rElec}
 16895 | Trove    | Entered a treasure trove
 16904 | Trove    | Identified the ring of Akemeir {Fire Str+4}
 16907 | Trove    | Identified the ring of Descent {rPois rC+ Int+5 Stlth-}
 16915 | Trove    | Identified the +3 ring mail "Poady" {+Inv rF+ Dex+2 Slay-4}
 17091 | Lair:3   | Found a hole to the Spider Nest.
 17362 | Lair:3   | Identified the +3 leather armour of Okawaru's Inspiration
                  | {Str+4}
 17403 | Lair:3   | Reached skill level 16 in Spellcasting
 18113 | Lair:4   | Noticed Rupert
 18384 | Lair:4   | Killed Rupert
 18639 | Lair:4   | You fall into a shaft and drop 1 floor!
 18639 | Lair:5   | Entered Level 5 of the Lair of Beasts
 18923 | Lair:4   | Reached skill level 17 in Spellcasting
 19616 | Lair:5   | Reached XP level 14. HP: 81/82 MP: 37/37
 19762 | Lair:5   | Found a viscous altar of Jiyva.
 19762 | Lair:5   | Found a staircase to the Slime Pits.
 19989 | Lair:5   | Got Utragud's Papyrus of the Inquisitive Olives
 20119 | Lair:5   | Found a runed translucent door.
 20173 | Lair:5   | Reached skill level 5 in Ice Magic
 20695 | Lair:5   | Reached skill level 5 in Transmutations
 20903 | Orc:1    | Learned a level 3 spell: Ignite Poison
 20923 | Orc:1    | Noticed an orc warlord
 20931 | Orc:1    | Reached skill level 5 in Armour
 20934 | Orc:1    | Killed an orc warlord
 21214 | Orc:2    | Reached skill level 18 in Spellcasting
 21430 | Orc:2    | Noticed an orc warlord
 21448 | Orc:2    | Killed an orc warlord
 21510 | Orc:2    | Found a staircase to the Elven Halls.
 21614 | Orc:2    | Found Bamnuus's General Store.
 21614 | Orc:2    | Found Roezostra's General Store.
 21751 | Orc:2    | Reached skill level 5 in Poison Magic
 21786 | Orc:2    | Reached skill level 5 in Air Magic
 21800 | Orc:2    | Noticed Azrael
 21815 | Orc:2    | Killed Azrael
 21941 | Orc:2    | Offered knowledge of Ozocubu's Refrigeration by Vehumet.
 21991 | Orc:2    | Reached XP level 15. HP: 58/88 MP: 30/39
 22005 | Orc:2    | Found Huzal's Antique Armour Boutique.
 22005 | Orc:2    | Found a one-way gate leading to the halls of Pandemonium.
 22005 | Orc:2    | Found Jyohez's Book Shop.
 22113 | Orc:2    | Bought a runed helmet for 270 gold pieces
 22153 | Orc:2    | Acquired 545 gold pieces
 22235 | Orc:1    | Learned a level 7 spell: Ozocubu's Refrigeration
 22953 | D:13     | Reached skill level 19 in Spellcasting
 23298 | D:13     | Found a gate to the Vaults.
 23322 | D:13     | Reached skill level 5 in Conjurations
 23574 | Spider:1 | Entered Level 1 of the Spider Nest
 23602 | Spider:1 | Identified the +1 pair of boots of Piysunuo {Str+3}
 23666 | Spider:1 | Learned a level 3 spell: Vhi's Electric Charge
 23886 | Orc:2    | Bought a book of Air for 330 gold pieces
 23886 | Orc:2    | Bought a book of Cantrips for 180 gold pieces
 24530 | Spider:1 | Learned a level 1 spell: Apportation
 24920 | Spider:1 | HP: 2/90 [demonic crawler (12)]
 25587 | Spider:3 | Reached skill level 5 in Translocations
 25744 | Spider:3 | Reached skill level 5 in Short Blades
 26145 | Spider:3 | Noticed an emperor scorpion
 26150 | Spider:3 | Reached skill level 20 in Spellcasting
 26532 | Spider:3 | Killed an emperor scorpion
 26710 | Spider:3 | Noticed an emperor scorpion
 26720 | Spider:3 | Killed an emperor scorpion
 26721 | Spider:3 | Reached XP level 16. HP: 96/96 MP: 28/42
 26959 | Spider:4 | Entered Level 4 of the Spider Nest
 26959 | Spider:4 | Noticed Mara
 26978 | Spider:4 | Noticed Esekla's illusion
 26978 | Spider:4 | Killed Mara
 27476 | Spider:4 | Offered knowledge of Orb of Destruction by Vehumet.
 28272 | Spider:4 | Reached skill level 21 in Spellcasting
 28326 | Spider:4 | Got a gossamer rune of Zot
 28341 | Spider:4 | HP: 1/96 [ghost moth (6)]
 28778 | D:14     | Learned a level 7 spell: Orb of Destruction
 29353 | D:14     | Reached skill level 10 in Fighting
 29949 | D:14     | Noticed a storm dragon
 30264 | D:14     | Noticed a storm dragon
 30266 | D:14     | Killed a storm dragon
 30321 | D:14     | Killed a storm dragon
 30632 | D:14     | Reached XP level 17. HP: 103/103 MP: 40/44
 30900 | Shoals:1 | Entered Level 1 of the Shoals
 30905 | Shoals:1 | Reached skill level 22 in Spellcasting
 31238 | Shoals:1 | Offered knowledge of Spellforged Servitor by Vehumet.
 31927 | Shoals:2 | Found Biskeott's Firing Range.
 32003 | Shoals:2 | Reached ****** piety under Vehumet
 32057 | Shoals:3 | Noticed Ilsuiw
 33164 | Shoals:3 | Noticed a kraken
 33242 | Shoals:3 | Found Zemonaik's Distillery.
 33271 | Shoals:3 | Bought a potion of heal wounds for 75 gold pieces
 33271 | Shoals:3 | Bought a potion of heal wounds for 75 gold pieces
 33271 | Shoals:3 | Bought 2 potions of heal wounds for 150 gold pieces
 33341 | Shoals:3 | Reached skill level 23 in Spellcasting
 33349 | Shoals:3 | Killed Ilsuiw
 33379 | Shoals:3 | Killed a kraken
 33713 | Shoals:4 | Entered Level 4 of the Shoals
 33843 | Shoals:4 | Identified the +1 ring mail "Uronn" {rF+ Regen+ Int+3}
 33872 | Shoals:4 | Offered knowledge of Lee's Rapid Deconstruction by Vehumet.
 33886 | Shoals:4 | Reached XP level 18. HP: 75/110 MP: 23/47
 34384 | Shoals:4 | Got a barnacled rune of Zot
 34387 | Shoals:4 | Got Cuuv Rytt's Atlas of Hot Beguiling
 34394 | Shoals:4 | Paralysed by a sphinx for 3 turns
 34478 | Shoals:4 | Identified the ring "Pileq" {Ice Str+4 Dex+3 Slay+2}
 34504 | Shoals:4 | Learned a level 5 spell: Lee's Rapid Deconstruction
 34813 | Vaults:1 | Entered Level 1 of the Vaults
 34819 | Vaults:1 | Reached skill level 24 in Spellcasting
 35082 | Vaults:1 | Identified the +9 arbalest of Xom's Indignation {penet,
                  | Dex+4 Stlth+}
 35334 | Vaults:1 | Found Emogyl Osee's Armour Boutique.
 35495 | Vaults:1 | Offered knowledge of Iron Shot by Vehumet.
 36324 | Vaults:2 | Found a flickering gateway to a bazaar.
 36357 | Bazaar   | Entered a bazaar
 36375 | Bazaar   | Found Huts's Armour Emporium.
 36375 | Bazaar   | Found Fuoqy's Distillery.
 36396 | Bazaar   | Found Luehida's Magic Scroll Shoppe.
 36511 | Bazaar   | Found Subykus's Antique Weapon Emporium.
 36511 | Bazaar   | Found Zefiutze's Weapon Shoppe.
 36533 | Bazaar   | Found Gopir's Armour Shoppe.
 36614 | Bazaar   | Bought a +1 cloak of stealth for 181 gold pieces
 36650 | Bazaar   | Bought a glowing long sword for 175 gold pieces
 36671 | Bazaar   | Bought the +0 mask of the Dragon {Will+ Slay+3 SInv} for
                  | 367 gold pieces
 36671 | Bazaar   | Found the +0 mask of the Dragon {Will+ Slay+3 SInv}
 36685 | Bazaar   | Bought the +8 Vampire's Tooth {megavamp} for 540 gold
                  | pieces
 36685 | Bazaar   | Found the +8 Vampire's Tooth {megavamp}
 36711 | Bazaar   | Bought a potion of mutation for 56 gold pieces
 36725 | Bazaar   | Bought a scroll of blinking for 82 gold pieces
 36725 | Bazaar   | Bought a scroll of enchant armour for 82 gold pieces
 36813 | Vaults:2 | Found a staircase to the Crypt.
 36823 | Vaults:2 | Reached skill level 1 in Earth Magic
 36880 | Vaults:2 | Reached XP level 19. HP: 112/116 MP: 49/49
 37191 | Vaults:2 | Reached skill level 25 in Spellcasting
 37321 | Vaults:2 | Offered knowledge of Shatter by Vehumet.
 37321 | Vaults:2 | Offered knowledge of Chain Lightning by Vehumet.
 37321 | Vaults:2 | Offered knowledge of Polar Vortex by Vehumet.
 38944 | Vaults:3 | Reached skill level 5 in Long Blades
 38951 | Vaults:3 | Reached skill level 10 in Poison Magic
 38954 | Vaults:3 | Reached skill level 10 in Air Magic
 39324 | Vaults:3 | Reached skill level 10 in Conjurations
 39441 | Vaults:3 | Reached skill level 15 in Dodging
 39560 | Vaults:3 | You fall into a shaft and drop 1 floor!
 39689 | Vaults:4 | Reached skill level 5 in Earth Magic
 39744 | Vaults:3 | Noticed Mennas
 39755 | Vaults:3 | Killed Mennas
 40178 | Vaults:3 | Reached skill level 26 in Spellcasting
 40646 | Vaults:4 | Reached XP level 20. HP: 90/121 MP: 52/52
 41298 | Vaults:4 | Found a huge runed gate.
 41298 | Vaults:4 | Found a huge runed gate.
 41298 | Vaults:4 | Found a huge runed gate.
 41298 | Vaults:4 | Found a huge runed gate.
 41298 | Vaults:4 | Found a huge runed gate.
 41299 | Vaults:4 | Found a huge runed gate.
 41299 | Vaults:4 | Found a huge runed gate.
 41299 | Vaults:4 | Found a huge runed gate.
 41299 | Vaults:4 | Found a huge runed gate.
 41301 | Vaults:4 | Found a huge runed gate.
 41301 | Vaults:4 | Found a huge runed gate.
 41301 | Vaults:4 | Found a huge runed gate.
 41301 | Vaults:4 | Found a huge runed gate.
 41301 | Vaults:4 | Found a huge runed gate.
 41301 | Vaults:4 | Found a huge runed gate.
 41302 | Vaults:4 | Found a huge runed gate.
 41324 | Vaults:4 | Found a huge runed gate.
 41364 | Vaults:4 | Found a huge runed gate.
 41368 | Vaults:4 | Noticed a golden dragon
 41781 | Vaults:4 | Found Gint's Magic Scroll Shop.
 42038 | Vaults:4 | Killed a golden dragon
 42105 | Vaults:4 | Learned a level 8 spell: Maxwell's Capacitive Coupling
 42272 | Vaults:4 | Got the Octavo of Execration and Ceraunoscopy
 42912 | Vaults:2 | Reached skill level 27 in Spellcasting
 43623 | Crypt:1  | Entered Level 1 of the Crypt
 44143 | Crypt:1  | Learned a level 6 spell: Statue Form
 45499 | Crypt:2  | Reached XP level 21. HP: 86/126 MP: 23/54
 45779 | Crypt:2  | Found a runed translucent gate.
 45780 | Crypt:2  | Found a runed translucent gate.
 45780 | Crypt:2  | Found a runed translucent gate.
 45781 | Crypt:2  | Noticed croobank's ghost (adept FeSu)
 45781 | Crypt:2  | Noticed Fainec's ghost (veteran GrEE)
 45782 | Crypt:2  | Noticed Nyubb's ghost (veteran MiGl)
 45827 | Crypt:3  | Entered Level 3 of the Crypt
 46139 | Crypt:3  | Identified the +5 mace of Fedhas's Displeasure {flame,
                  | rElec rC+ Int+3}
 46305 | Crypt:3  | Paralysed by a vampire knight for 5 turns
 46904 | Crypt:3  | Noticed a curse toe
 46935 | Crypt:3  | Killed a curse toe
 47128 | Crypt:3  | Noticed a dread lich
 47128 | Crypt:3  | Noticed an ancient lich
 47392 | Crypt:3  | Found a staircase to the Tomb.
 47543 | Crypt:3  | Killed a dread lich
 47545 | Crypt:3  | Killed an ancient lich
 47556 | Crypt:3  | Got the Handbook of Vapourous Creation
 47742 | Vaults:4 | Bought a scroll of brand weapon for 199 gold pieces
 48253 | Elf:1    | Entered Level 1 of the Elven Halls
 48340 | Elf:1    | Paralysed by an air elemental for 1 turns
 48812 | Elf:1    | Reached skill level 1 in Evocations
 49052 | Elf:2    | Paralysed by an air elemental for 1 turns
 49063 | Elf:2    | Paralysed by an air elemental for 1 turns
 49083 | Elf:2    | Found Orpholik's Magic Scroll Emporium.
 49102 | Elf:2    | Found Wilec's Magic Scroll Emporium.
 49104 | Elf:2    | Found Zegenum's Book Shoppe.
 49165 | Elf:2    | Found a crumbling gateway.
 49193 | Desolati | Entered the Desolation of Salt
 49243 | Desolati | HP: 7/163 [ragged hierophant/a resonance strike (9)]
 49243 | Desolati | Killed from afar by a ragged hierophant

Illustrated notes

Levels and vault maps discovered:
D:1:      sevenhm_arrival_forest_fort_small_3, layout_rooms,
          chequers_serial_rivers_room_b, minmay_misc_feat_five
D:2:      layout_loops_ring, dreamdust_ecumenical_altar_angels_and_demons,
          serial_shops, shop
D:3:      layout_basic, grunt_temple_overflow_open, minmay_misc_feat_iff
D:4:      layout_basic, nicolae_overflow_quartered_altars, serial_shops,
          nicolae_diamond_shop
D:5:      layout_loops_ring, lemuel_doored_altar, minmay_misc_feat_rows,
          dreamdust_wishing_well
D:6:      layout_loops_cross, fedhas_altar_fruit_tree,
          minmay_temple_entry_glass, uniq_pikel, uniq_blork_the_orc
D:7:      layout_basic, uniq_menkaure, uniq_joseph, uniq_crazy_yiuf_cottage
D:8:      layout_basic, nicolae_uskayaw_dance_hall, serial_demonic,
          serial_demonic_d, serial_demonic_a, serial_demonic_c,
          serial_demonic_c, nicolae_diode_quadrants
D:9:      layout_irregular_city, kennysheep_little_box, enter_bailey_4,
          minmay_between, uniq_harold
D:10:     layout_basic, nicolae_ru_awakened_eye
D:11:     layout_rooms, hellmonk_lair_entry_icy, serial_ice, serial_ice_j,
          serial_ice_m, serial_ice_o, serial_ice_c, serial_ice_g, serial_ice_f,
          guppyfry_shop_earth, uniq_psyche, uniq_lodul
D:12:     layout_roguey, nicolae_trove_entry_crossroad
D:13:     layout_loops_ring, lightli_vaults_fourway_checkpoint
D:14:     nzn_winding_woodlands_large [nzn_winding_woodlands_5x5_checkerboard,
          nzn_winding_woodlands_5x15_longhouse,
          nzn_winding_woodlands_5x5_default,
          nzn_winding_woodlands_center_garden,
          nzn_winding_woodlands_15x15_five_gardens,
          nzn_winding_woodlands_center_lodge, nzn_winding_woodlands_5x5_default,
          nzn_winding_woodlands_5x15_crooked, nzn_winding_woodlands_5x5_three],
          layout_loops_corners
Lair:1:   layout_small_grid
Lair:2:   gammafunk_boulding_lane, layout_small_grid, elwin_shoals_entry_rooms
Lair:3:   kb_forest_paths, layout_chaotic_city, spider_nest_entry_rubble
Lair:4:   layout_hall_layers, grunt_megastairs_3, lemuel_fruit_fields,
          uniq_rupert
Lair:5:   guppyfry_lair_end_dragon, layout_misc_corridors, wormcave,
          dpeg_slime_entry_enclosed
Shoals:1: layout_shoals, nicolae_shoals_nautilus_by_nature
Shoals:2: argonaut_golden_fleece, layout_shoals, nicolae_shop_firing_range
Shoals:3: layout_shoals, serial_shops, shop, nicolae_shoals_lost_giant_hut,
          uniq_ilsuiw
Shoals:4: shoals_end_hellmonk_lost_city, serial_shops
Spider:1: layout_spider_delve, nicolae_spider_some_kinda_spiderbox
Spider:2: layout_spider_delve, nicolae_spider_twisty_arc_passages
Spider:3: layout_chambers, nicolae_orb_stairs
Spider:4: grunt_spider_rune_circles, guppyfry_hornet_nest, uniq_mara
Orc:1:    layout_caves
Orc:2:    pf_orc_diabolical, layout_diamond_mine, uniq_azrael
Elf:1:    minmay_elf_arrival_plus, layout_loops_cross,
          kennysheep_underground_church
Elf:2:    nicolae_elf_blades_crystal_corner, layout_rooms,
          portal_desolation_entry_salt, minivault_25_ag, minmay_shop_star
Vaults:1: vaults_dpeg_emergency_exit, nicolae_vaults_ellipses_ellipsis,
          nicolae_vaults_variable_pillar_hall, v_misc_22, v_misc_33,
          nicolae_vaults_closet_pinwheel_3, v_alt_pattern_4, v_alt_pattern_4,
          nicolae_vaults_tetromino_Z_2, nicolae_vaults_taking_the_gang_shopping,
          nicolae_vaults_spaceships, v_misc_33, nicolae_vaults_shelves_hall,
          nicolae_vaults_trapezoid_lopsided_1, nicolae_vaults_little_ls,
          layout_vaults_ring
Vaults:2: ontoclasm_vaults_bender, nicolae_vaults_storage_closets_1, v_misc_9,
          vaults_room_pools, nicolae_vaults_more_shelving_2, v_misc_14,
          vaults_standard_mumra_lines, hangedman_vaults_stream,
          nicolae_vaults_windows_and_doors_thing,
          minmay_crypt_entry_simple_corners, nicolae_vaults_stand_back,
          vaults_dpeg_diagonal, nicolae_vaults_little_squares_5,
          layout_vaults_omnibox, serial_shops, bzr_entry_gold
Vaults:3: nicolae_vaults_three_branches, v_misc_15, vaults_standard_mumra_x,
          v_misc_13, ontoclasm_vaults_loading_screen, nicolae_vaults_tangram_1,
          nicolae_vaults_display_case, vaults_room_ringed_pool,
          nicolae_vaults_octothorpe, vaults_mumra_minichess,
          nicolae_vaults_variable_pillar_hall, v_alt_pattern_6,
          nicolae_vaults_tetromino_L_1, nicolae_vaults_trapezoid_3,
          layout_vaults_big_room, uniq_mennas
Vaults:4: nicolae_vaults_network_periphery, nicolae_vaults_angled_halls,
          ontoclasm_vaults_twist, door_vault, nicolae_vaults_more_shelving_1,
          nicolae_vaults_yaktaur_gun_rack, hangedman_vaults_slither, v_rooms_1,
          ontoclasm_vaults_claustrophobia, nicolae_vaults_trapezoid_lopsided_1,
          grunt_vaults_focal, hangedman_vaults_slice, layout_vaults_omnicross,
          serial_shops, shop
Crypt:1:  layout_rooms, grunt_ministairs_11, st_small_mortuary
Crypt:2:  layout_chaotic_city, gammafunk_ghost_cemetery
Crypt:3:  david_glass_crypt, layout_misc_corridors, tomb_entry_simple_bobbens,
          glass_columns_a
Desolation

Skill      XL: |  1  2  3  4  5  6  7  8  9 10 11 12 13 14 15 16 17 18 19 20 21 |
---------------+----------------------------------------------------------------+-----
Necromancy     | 5 6 8 10 11 12 13 14 | 14.0
Short Blades   | 1 2 3 4 5 |  5.6
Dodging        | 3 4 5 6 7 8 9 10 11 12 13 14 15 16 18 | 18.2
Stealth        | 3 4 5 6 |  6.7
Spellcasting   | 4 5 8 9 10 12 14 15 17 18 20 21 23 24 26 27 | 27.0
Translocations | 1 2 3 4 5 |  5.3
Shields        | 2 3 |  3.1
Long Blades    | 1 2 3 4 5 6 |  6.3
Throwing       | 1 2 |  2.2
Conjurations   | 1 2 4 5 6 8 9 10 11 12 | 12.3
Fire Magic     | 1 3 4 5 6 7 8 |  8.3
Fighting       | 2 4 5 7 9 10 11 | 11.7
Armour         | 1 3 4 5 |  5.7
Transmutations | 2 4 5 6 7 8 |  8.0
Air Magic      | 2 3 5 7 8 9 10 11 | 11.5
Ice Magic      | 3 4 6 8 9 |  9.0
Poison Magic   | 1 3 5 6 7 9 10 | 10.9
Earth Magic    | 1 5 7 9 |  9.5
Evocations     | 1 |  1.0

Action                     |  1- 3 |  4- 6 |  7- 9 | 10-12 | 13-15 | 16-18 | 19-21 || total
---------------------------+-------+-------+-------+-------+-------+-------+-------++-------
  Melee: Dagger            |    22 |       |       |    13 |       |       |       ||    35
         Unarmed           |     9 |       |       |       |       |       |       ||     9
         Short sword       |     8 |       |       |       |       |       |       ||     8
         Rapier            |    45 |    68 |    70 |     2 |   308 |   109 |    23 ||   625
         Punch             |       |     3 |     3 |       |       |       |       ||     6
         Scimitar          |       |       |   136 |   241 |     6 |     3 |       ||   386
         Long sword        |       |       |       |    11 |       |     6 |   329 ||   346
         Demon blade       |       |       |       |       |       |     9 |       ||     9
         Quick blade       |       |       |       |       |       |       |    60 ||    60
  Throw: Dart              |       |     1 |    21 |    30 |     9 |       |       ||    61
         Boomerang         |       |       |     1 |       |     8 |     1 |    17 ||    27
   Cast: Vampiric Draining |     4 |    20 |    78 |   157 |    86 |    84 |    46 ||   475
         Teleport Other    |       |       |     8 |     4 |     2 |       |       ||    14
         Sticky Flame      |       |       |       |    90 |    59 |    64 |   114 ||   327
         Fireball          |       |       |       |    34 |     2 |     1 |    21 ||    58
         Poisonous Vapours |       |       |       |     5 |   115 |   219 |   144 ||   483
         Olgreb's Toxic Ra |       |       |       |     5 |    46 |    62 |    48 ||   161
         Freezing Cloud    |       |       |       |     4 |    28 |    32 |    13 ||    77
         Mephitic Cloud    |       |       |       |     3 |    19 |    19 |    33 ||    74
         Wereblood         |       |       |       |       |    24 |    32 |    47 ||   103
         Ignite Poison     |       |       |       |       |    58 |   181 |   143 ||   382
         Apportation       |       |       |       |       |    10 |    33 |    13 ||    56
         Ozocubu's Refrige |       |       |       |       |     3 |    15 |     5 ||    23
         Dispel Undead     |       |       |       |       |     1 |    16 |   101 ||   118
         Orb of Destructio |       |       |       |       |       |     9 |    59 ||    68
         Vhi's Electric Ch |       |       |       |       |       |     1 |     3 ||     4
         Statue Form       |       |       |       |       |       |       |    25 ||    25
  Evoke: Wand              |       |       |    21 |     4 |       |       |     1 ||    26
    Use: Scroll            |       |     7 |     3 |    11 |     9 |    17 |    19 ||    66
         Potion            |       |       |     4 |     1 |     8 |     6 |    10 ||    29
   Stab: Sleeping          |     5 |     9 |     8 |     9 |     4 |     3 |     4 ||    42
         Distracted        |       |       |       |     2 |     1 |     1 |     1 ||     5
         Confused          |       |       |       |       |     6 |     2 |       ||     8
 Armour: Robe              |    28 |    14 |    75 |       |       |       |       ||   117
         Steam dragon scal |       |       |       |    83 |       |       |       ||    83
         Troll leather arm |       |       |       |    37 |   142 |   238 |   229 ||   646
         Skin              |       |       |       |       |       |       |   282 ||   282
  Dodge: Dodged            |    49 |    70 |   315 |   366 |   313 |   391 |   822 ||  2326
  Block: Buckler           |       |       |     4 |   128 |   112 |   122 |   218 ||   584
